 Dungeon Crawl Stone Soup version 0.30-a0-540-g0af01429fa (webtiles) character file.

Game seed: 2982233458535028545

14934 arthad the Thaumaturge (level 12, -10/91 HPs)
             Began as a Gnoll Earth Elementalist on Dec 25, 2022.
             Was a High Priest of Sif Muna.
             Mangled by a cyclops (27 damage)
             ... on level 11 of the Dungeon.
             The game lasted 00:39:48 (12810 turns).

arthad the Thaumaturge (Gnoll Earth Elementalist)  Turns: 12810, Time: 00:39:48

Health: -10/91     AC: 13    Str:  5    XL:     12   Next: 21%
Magic:  0/34       EV: 16    Int: 18    God:    Sif Muna [*****.]
Gold:   645        SH:  0    Dex: 15    Spells: 10/29 levels left

rFire   + . .      SeeInvis .    x - +8 dagger of Frustration {speed, rCorr}
rCold   + . .      Faith    .    (no shield)
rNeg    . . .      Spirit   +    N - +2 steam dragon scales
rPois   .          Reflect  .    b - +2 hat "Huetuckytu" {+Blink rF+ rC+ Str-2}
rElec   .          Harm     .    (no cloak)
rCorr   +          Rampage  .    J - +0 pair of gloves
Will    .....                    j - +0 pair of boots
Stlth   ++++                     s - amulet of guardian spirit
HPRegen 0.35/turn                C - ring of magical power
MPRegen 0.24/turn                m - ring of wizardry

@: no status effects
A: fangs 1, strong nose, distributed training
a: Renounce Religion, Evoke Blink, Channel Magic, Forget Spell, Divine Exegesis


You were on level 11 of the Dungeon.
You worshipped Sif Muna.
Sif Muna was extremely pleased with you.
You visited 1 branch of the dungeon, and saw 11 of its levels.
You also visited: Ossuary.

You collected 821 gold pieces.
You spent 176 gold pieces at shops.

Inventory:

Hand Weapons
 u - a +2 mace of draining
 x - the +8 dagger of Frustration (weapon) {speed, rCorr}
   (You found it on level 3 of the Dungeon)

   Attacks with this weapon are significantly faster.
   rCorr:     It protects you from acid and corrosion.
 E - the +9 short sword "Sikaqi" {distort, rPois Int+4}
   (You found it on level 4 of the Dungeon)

   It warps and distorts space around it, and may blink, banish, or inflict
   extra damage upon those it strikes.
   Unwielding it can cause banishment or teleport you to foes.
   Int:       It affects your intelligence (+4).
   rPois:     It protects you from poison.
 P - a +8 spectral war axe
 T - a +4 dire flail of freezing
Missiles
 v - 3 silver boomerangs
 K - 4 poisoned darts
 L - 14 boomerangs of dispersal
Armour
 b - the +2 hat "Huetuckytu" (worn) {+Blink rF+ rC+ Str-2}
   (You acquired it on level 9 of the Dungeon)

   Str:       It affects your strength (-2).
   rF:        It protects you from fire.
   rC:        It protects you from cold.
   +Blink:    It lets you blink.
 j - a +0 pair of boots (worn)
 p - a +2 ring mail of poison resistance
 J - a +0 pair of gloves (worn)
 N - +2 steam dragon scales (worn)
 Z - a +2 robe of cold resistance
Magical Staves
 S - a staff of poison
Jewellery
 a - a ring of magical power
 h - a ring of protection from cold
 m - a ring of wizardry (right hand)
 s - an amulet of guardian spirit (around neck)
 B - an amulet of regeneration
 C - a ring of magical power (left hand)
 H - a +6 ring of strength
 M - a ring of resist corrosion
 R - a ring of protection from cold
 V - a ring of ice
 Y - a +6 ring of strength
Wands
 D - a wand of flame (9)
 U - a wand of mindburst (4)
Scrolls
 e - 3 scrolls of enchant weapon
 f - a scroll of silence
 g - 4 scrolls of immolation
 i - 2 scrolls of blinking
 k - a scroll of brand weapon
 r - 3 scrolls of teleportation
 t - 3 scrolls of vulnerability
 w - 2 scrolls of amnesia
 y - a scroll of fog
 F - 2 scrolls of identify
 O - a scroll of fear
 Q - a scroll of enchant armour
Potions
 c - 2 potions of haste
 d - 2 potions of might
 l - 2 potions of attraction
 n - 7 potions of curing
 o - 2 potions of mutation
 z - a potion of cancellation
 A - 2 potions of flight
 G - a potion of ambrosia {unknown}
 I - 3 potions of berserk rage
 W - a potion of invisibility
 X - 2 potions of lignification


   Skills:
 + Level 7.3 Fighting
 + Level 7.3 Short Blades
 + Level 7.3 Long Blades
 + Level 7.3 Axes
 + Level 7.3 Maces & Flails
 + Level 7.3 Polearms
 + Level 7.3 Staves
 + Level 7.3 Ranged Weapons
 + Level 7.3 Throwing
 + Level 7.3 Armour
 + Level 8.7 Dodging
 + Level 8.5 Stealth
 + Level 7.3 Shields
 + Level 7.3 Unarmed Combat
 + Level 9.0 Spellcasting
 + Level 6.1 Conjurations
 + Level 6.1 Hexes
 + Level 6.1 Summonings
 + Level 6.1 Necromancy
 + Level 6.1 Translocations
 + Level 6.5 Transmutations
 + Level 6.1 Fire Magic
 + Level 6.1 Ice Magic
 + Level 6.1 Air Magic
 + Level 8.3 Earth Magic
 + Level 6.1 Poison Magic
 + Level 8.0 Invocations
 + Level 7.3 Evocations


You had 10 spell levels left.
You knew the following spells:

 Your Spells              Type           Power      Damage    Failure   Level
a - Sandblast             Erth           76%        2d16      1%          1
b - Poisonous Vapours     Pois/Air       60%        N/A       1%          2
c - Stone Arrow           Conj/Erth      68%        3d11      1%          3
d - Blink                 Tloc           60%        N/A       1%          2
e - Ignite Poison         Fire/Tmut/Pois 30%        N/A       1%          3
f - Olgreb's Toxic Radia  Pois           30%        N/A       2%          4
g - Dispel Undead         Necr           30%        3d14      2%          4

Your spell library contained the following spells:

 Spells                   Type           Power      Damage    Failure   Level
 Beastly Appendage        Tmut           62%        N/A       1%          1
 Kiss of Death            Conj/Necr      100%       2d13      1%          1
 Sting                    Tmut/Pois      100%       1d8       1%          1
 Momentum Strike          Conj/Tloc      60%        3d9       1%          2
 Passwall                 Tmut/Erth      28%        N/A       1%          2
 Wereblood                Tmut           31%        N/A       1%          2
 Confusing Touch          Hex            30%        N/A       1%          3
 Frozen Ramparts          Ice            60%        1d10      1%          3
 Lesser Beckoning         Tloc           60%        N/A       1%          3
 Spider Form              Tmut/Pois      30%        N/A       1%          3
 Petrify                  Tmut/Erth      34%        N/A       1%          4
 Ice Form                 Ice/Tmut       30%        N/A       2%          4
 Sticky Flame             Conj/Fire      30%        2d5       2%          4
 Summon Ice Beast         Ice/Summ       30%        N/A       2%          4
 Summon Lightning Spire   Summ/Air       30%        N/A       2%          4
 Storm Form               Tmut/Air       15%        N/A       89%         7
 Ignition                 Fire           15%        3d6       100%        8
 Maxwell's Capacitive Co  Air            15%        ∞         100%        8


Dungeon Overview and Level Annotations

Branches:
Dungeon (11/15)            Temple (0/1) D:7            Lair (0/5) D:10
Ossuary (visited)
    Orc: D:9-12

Altars:
Ashenzari
Dithmenos
Elyvilon
Hepliaklqana
Makhleb
Okawaru
Ru
Sif Muna
Xom
Yredelemnul

Shops:
D:9 !


Innate Abilities, Weirdness & Mutations

You have very sharp teeth.
Your uncanny sense of smell can sniff out nearby items.
Your experience applies equally to all skills.


Message History

Poisonous vapours surround the boulder beetle!
The boulder beetle looks as sick as possible!
The boulder beetle leaps!
You start resting.
A cyclops is nearby!
Aiming: Sandblast (safe; 1% risk of failure)
Press: ? - help, Q - select action, (/) - cycle Shift-Dir - straight line, f - cyclops
Aim: a cyclops, quivering large rocks (98% to hit)
The blast of sand hits the cyclops!
The cyclops is moderately wounded.
The cyclops hits you!
* * * LOW HITPOINT WARNING * * *
You hear a shout!
Aiming: Sandblast (safe; 1% risk of failure)
Press: ? - help, Q - select action, (/) - cycle Shift-Dir - straight line, f/p - cyclops
Aim: a cyclops, quivering large rocks (moderately wounded, 98% to hit)
The blast of sand hits the cyclops!!
The cyclops is severely wounded.
You hear an angry hiss. x2; You hear a shout!
The cyclops closely misses you.
Aiming: Sandblast (safe; 1% risk of failure)
Press: ? - help, Q - select action, (/) - cycle Shift-Dir - straight line, f/p - cyclops
Aim: a cyclops, quivering large rocks (heavily wounded, 98% to hit)
The blast of sand hits the cyclops!
The cyclops is severely wounded.
The cyclops hits you but does no damage.
Aiming: Sandblast (safe; 1% risk of failure)
Press: ? - help, Q - select action, (/) - cycle Shift-Dir - straight line, f/p - cyclops
Aim: a cyclops, quivering large rocks (severely wounded, 98% to hit)
The blast of sand hits the cyclops!
The cyclops is almost dead.
The boulder beetle bites you!
* * * LOW HITPOINT WARNING * * *
The cyclops closely misses you. The boulder beetle barely misses you.
You hit the cyclops.
The cyclops is almost dead.
You kill the boulder beetle!
Sif Muna accepts your kill. The cyclops hits you!!
You die...

.##......######
.##...........#
.##.####.####.# . .##.#
#.####.##########..#.
.##.####.##.................
.##.##......###'#####÷#####'
....##>#.##.##.## #.#.#
.....)...##.#.#####.# #†#
...########.'#.(@#'.#∆ .'.
...# #.#####C#[# #.. .###
#.# #.###Y# .## ## #.# #'#
#C# # ..#... ○[[# ..#.# ∆∆
?.# ...'. ∆ ['. ...# ∆∆ ∆?#.
#[ ∆ ∆∆∆


You could see a cyclops.

Vanquished Creatures
  Fannar (D:10)
  A two-headed ogre (D:11)
  A centaur warrior (D:11)
  A boulder beetle (D:11)
  A death knight (D:11)
  A manticore (D:11)
  An ice statue (D:9)
  2 gargoyles (D:11)
  A komodo dragon (D:8)
  2 unseen horrors (D:11)
  A rime drake (D:9)
  Maggie (D:7)
  3 trolls
  A hornet (D:8)
  2 wyverns
  8 yaks (D:11)
  2 wraiths (D:11)
  A vampire mosquito (D:11)
  A steam dragon (D:8)
  Menkaure (D:6)
  An acid dragon (D:11)
  A water moccasin (D:8)
  Duvessa (D:7)
  A sky beast (D:6)
  19 ice beasts
  4 orc warriors
  A black bear (D:7)
  4 wolves
  4 centaurs
  2 ogres (D:5)
  A phantom (D:5)
  A kobold brigand (D:6)
  3 bullfrogs
  A necrophage (D:6)
  2 scorpions
  18 wights
  3 water moccasin zombies (Ossuary)
  Dowan (D:7)
  4 killer bees (D:8)
  4 howler monkeys
  5 electric eels (D:9)
  3 bullfrog zombies (Ossuary)
  2 centaur zombies (Ossuary)
  5 hounds
  6 orc priests
  2 jellies (D:6)
  A human zombie (Ossuary)
  6 orc wizards
  Natasha (thrice) (D:3)
  9 iguanas
  A scorpion zombie (Ossuary)
  A mummy (D:7)
  3 gnolls (D:2)
  7 adders
  5 white imps
  3 ufetubi
  2 adder zombies (Ossuary)
  2 worms
  2 dart slugs (D:1)
  41 orcs
  10 ball pythons
  5 bats
  8 endoplasms
  2 giant cockroaches (D:2)
  5 gnoll zombies (Ossuary)
  4 goblins
  5 hobgoblins
  9 jackals
  10 kobolds
  A quokka (D:4)
  2 training dummies (D:7)
  7 frilled lizards
  5 goblin zombies (Ossuary)
  2 hobgoblin zombies
  A kobold zombie (D:7)
  5 orc zombies (Ossuary)
  4 rats
303 creatures vanquished.

Vanquished Creatures (others)
  An ice beast (D:9)
  7 plants (D:8)
8 creatures vanquished.

Grand Total: 311 creatures vanquished

Notes
Turn   | Place    | Note
-------+----------+-------------------------------------------
     0 | D:1      | arthad the Gnoll Earth Elementalist began the quest for the
                  | Orb.
     0 | D:1      | Reached XP level 1. HP: 13/13 MP: 6/6
   162 | D:1      | Reached XP level 2. HP: 19/19 MP: 5/7
   634 | D:1      | Reached skill level 5 in Spellcasting
   634 | D:1      | Reached XP level 3. HP: 25/25 MP: 6/9
  1014 | D:2      | Reached skill level 1 in Invocations
  1098 | D:2      | Learned a level 2 spell: Passwall
  1102 | D:2      | Learned a level 3 spell: Stone Arrow
  1117 | D:2      | Reached skill level 1 in Fighting
  1117 | D:2      | Reached skill level 1 in Short Blades
  1117 | D:2      | Reached skill level 1 in Long Blades
  1117 | D:2      | Reached skill level 1 in Axes
  1117 | D:2      | Reached skill level 1 in Maces & Flails
  1117 | D:2      | Reached skill level 1 in Polearms
  1117 | D:2      | Reached skill level 1 in Staves
  1117 | D:2      | Reached skill level 1 in Ranged Weapons
  1117 | D:2      | Reached skill level 1 in Throwing
  1117 | D:2      | Reached skill level 1 in Armour
  1117 | D:2      | Reached skill level 1 in Shields
  1117 | D:2      | Reached skill level 1 in Unarmed Combat
  1117 | D:2      | Reached skill level 1 in Evocations
  1232 | D:2      | Found a shimmering blue altar of Sif Muna.
  1248 | D:2      | Became a worshipper of Sif Muna the Loreminder
  1332 | D:2      | Reached XP level 4. HP: 32/32 MP: 8/11
  1335 | D:2      | Reached skill level 1 in Conjurations
  1335 | D:2      | Reached skill level 1 in Hexes
  1335 | D:2      | Reached skill level 1 in Summonings
  1335 | D:2      | Reached skill level 1 in Necromancy
  1335 | D:2      | Reached skill level 1 in Translocations
  1335 | D:2      | Reached skill level 1 in Fire Magic
  1335 | D:2      | Reached skill level 1 in Ice Magic
  1335 | D:2      | Reached skill level 1 in Air Magic
  1335 | D:2      | Reached skill level 1 in Poison Magic
  1875 | D:3      | Identified the +8 dagger of Frustration {speed, rCorr}
  2025 | D:3      | Found a faded altar of an unknown god.
  2026 | D:3      | Noticed Natasha
  2029 | D:3      | Killed Natasha
  2030 | D:3      | Reached XP level 5. HP: 37/37 MP: 9/12
  2335 | D:3      | Found a white marble altar of Elyvilon.
  2338 | D:3      | Found a shimmering altar of Xom.
  2343 | D:3      | Found an iron altar of Okawaru.
  2434 | D:3      | Noticed Natasha
  2436 | D:3      | Killed Natasha
  2562 | D:3      | Noticed Natasha
  2568 | D:3      | Killed Natasha
  2644 | D:4      | Identified the +9 short sword "Sikaqi" {distort, rPois
                  | Int+4}
  2655 | D:4      | Reached * piety under Sif Muna
  2731 | D:4      | Reached XP level 6. HP: 44/44 MP: 14/14
  2910 | D:4      | Reached skill level 5 in Dodging
  3093 | D:5      | Entered Level 5 of the Dungeon
  3095 | D:5      | Found a shadowy altar of Dithmenos.
  3150 | D:5      | Reached XP level 7. HP: 47/51 MP: 13/15
  3326 | D:5      | Reached skill level 5 in Stealth
  3729 | D:5      | Reached ** piety under Sif Muna
  3730 | D:5      | Reached XP level 8. HP: 34/58 MP: 9/16
  4123 | D:5      | Found a burning altar of Makhleb.
  4355 | D:6      | Reached skill level 6 in Spellcasting
  4777 | D:6      | Noticed Menkaure
  4782 | D:6      | Killed Menkaure
  5272 | D:6      | Reached XP level 9. HP: 9/65 MP: 1/18
  5274 | D:6      | HP: 3/97 [orc/+0 hand axe (3)]
  5730 | D:6      | Found a basalt altar of Yredelemnul.
  5900 | D:6      | Reached *** piety under Sif Muna
  5988 | D:6      | Found a hazy altar of Hepliaklqana.
  6054 | D:7      | Noticed Maggie
  6062 | D:7      | Killed Maggie
  6116 | D:7      | Found a broken altar of Ashenzari.
  6133 | D:7      | Found a sand-covered staircase.
  6143 | Ossuary  | Entered an ossuary
  6147 | Ossuary  | Learned a level 2 spell: Blink
  6151 | Ossuary  | Learned a level 3 spell: Ignite Poison
  6156 | Ossuary  | Learned a level 4 spell: Olgreb's Toxic Radiance
  6161 | Ossuary  | Learned a level 4 spell: Dispel Undead
  6303 | Ossuary  | Reached skill level 5 in Invocations
  6511 | Ossuary  | Noticed a silent spectre
  6586 | D:7      | Reached skill level 7 in Spellcasting
  6590 | D:7      | Reached **** piety under Sif Muna
  6700 | D:7      | Noticed Duvessa
  6701 | D:7      | Noticed Dowan
  6882 | D:7      | Reached skill level 5 in Fighting
  6882 | D:7      | Reached skill level 5 in Short Blades
  6882 | D:7      | Reached skill level 5 in Long Blades
  6882 | D:7      | Reached skill level 5 in Axes
  6882 | D:7      | Reached skill level 5 in Maces & Flails
  6882 | D:7      | Reached skill level 5 in Polearms
  6882 | D:7      | Reached skill level 5 in Staves
  6882 | D:7      | Reached skill level 5 in Ranged Weapons
  6882 | D:7      | Reached skill level 5 in Throwing
  6882 | D:7      | Reached skill level 5 in Armour
  6882 | D:7      | Reached skill level 5 in Shields
  6882 | D:7      | Reached skill level 5 in Unarmed Combat
  6882 | D:7      | Reached skill level 5 in Evocations
  6882 | D:7      | Reached XP level 10. HP: 59/67 MP: 19/20
  7007 | D:7      | Found a staircase to the Ecumenical Temple.
  7109 | D:7      | Killed Dowan
  7123 | D:7      | Killed Duvessa
  7753 | D:8      | Reached skill level 5 in Transmutations
  8470 | D:8      | Found a shimmering blue altar of Sif Muna.
  9403 | D:9      | Found Juwnempog's Distillery.
  9437 | D:9      | Reached skill level 5 in Conjurations
  9437 | D:9      | Reached skill level 5 in Hexes
  9437 | D:9      | Reached skill level 5 in Summonings
  9437 | D:9      | Reached skill level 5 in Necromancy
  9437 | D:9      | Reached skill level 5 in Translocations
  9437 | D:9      | Reached skill level 5 in Fire Magic
  9437 | D:9      | Reached skill level 5 in Ice Magic
  9437 | D:9      | Reached skill level 5 in Air Magic
  9437 | D:9      | Reached skill level 5 in Poison Magic
  9469 | D:9      | Bought a potion of invisibility for 88 gold pieces
  9469 | D:9      | Bought a potion of heal wounds for 55 gold pieces
  9469 | D:9      | Bought a potion of curing for 33 gold pieces
  9540 | D:9      | Reached ***** piety under Sif Muna
  9541 | D:9      | Reached XP level 11. HP: 62/81 MP: 19/22
  9548 | D:9      | Reached skill level 8 in Spellcasting
 10068 | D:9      | HP: 2/76 [ice beast[an ice statue] (6)]
 10086 | D:9      | Identified a scroll of acquirement
 10086 | D:9      | Acquired the +2 hat "Huetuckytu" {+Blink rF+ rC+ Str-2}
 10292 | D:10     | Entered Level 10 of the Dungeon
 10535 | D:10     | Found a staircase to the Lair.
 10571 | D:10     | Noticed Fannar
 11002 | D:10     | Killed Fannar
 11287 | D:10     | Found a sacrificial altar of Ru.
 11508 | D:11     | Noticed a centaur warrior
 11510 | D:11     | Noticed a death knight
 11514 | D:11     | Killed a centaur warrior
 11526 | D:11     | Noticed a two-headed ogre
 12153 | D:11     | Killed a two-headed ogre
 12509 | D:11     | Noticed a manticore
 12514 | D:11     | Killed a manticore
 12515 | D:11     | Reached XP level 12. HP: 86/91 MP: 17/24
 12535 | D:11     | Received a gift from Sif Muna
 12540 | D:11     | Learned a level 2 spell: Poisonous Vapours
 12568 | D:11     | Killed a death knight
 12784 | D:11     | Noticed a boulder beetle
 12786 | D:11     | Noticed a boulder beetle
 12788 | D:11     | Reached skill level 9 in Spellcasting
 12810 | D:11     | Killed a boulder beetle
 12810 | D:11     | Mangled by a cyclops

Illustrated notes

Levels and vault maps discovered:
D:1:      minmay_arrival_up_and_down, layout_basic, chequers_decorated_corner
D:2:      layout_loops_ring, basic_altar, minmay_crystal_water,
          nicolae_kite_square_tiling_tiny
D:3:      layout_basic, grunt_temple_overflow_diamond,
          hellmonk_ecumenical_altar_lost_god, uniq_natasha
D:4:      layout_rooms
D:5:      layout_basic, nicolae_dithmenos_shadow_blocks, bloody_makhleb,
          grunt_decor_mini_mirrors
D:6:      minmay_skewed_foursquare, layout_rooms, lemuel_coloured_pillars_altar,
          lemuel_crystal_altar, serial_glass, glass_columns_a, glass_columns_a,
          glass_columns_a, glass_columns_a, glass_columns_c, glass_columns_a,
          feat_on_display, minmay_unpleasant_kobolds, uniq_menkaure
D:7:      dreamdust_elfheim, layout_cave_pools,
          mainiacjoe_overflow_six_doors_small, temple_pool_b,
          nicolae_ossuary_entry_giza, uniq_maggie
D:8:      layout_loops_corners, nicolae_sif_muna_condensation,
          minmay_lizard_king
D:9:      minmay_twisted_water, layout_loops_ring, serial_shops, shop
D:10:     layout_grid_maze, nicolae_ru_the_path_less_chosen,
          hellmonk_lair_entry_icy, grunt_decor_one_mirror,
          minmay_misc_feat_diagonals, uniq_fannar
D:11:     minmay_the_grid_square_5x5_3x3 [minmay_the_grid_square_5x5_tie,
          minmay_the_grid_square_5x5_six,
          minmay_the_grid_square_5x5_almost_minimal,
          minmay_the_grid_square_5x5_inset,
          minmay_the_grid_square_5x5_megaprize_hollow,
          minmay_the_grid_square_5x5_eight_small,
          minmay_the_grid_square_5x5_slash,
          minmay_the_grid_square_5x5_checkered_sparse,
          minmay_the_grid_square_5x5_n], layout_loops_ring, minivault_20

Skill      XL: |  1  2  3  4  5  6  7  8  9 10 11 12 |
---------------+-------------------------------------+-----
Transmutations | 2 3 4 5 6 |  6.5
Spellcasting   | 5 6 7 8 9 |  9.0
Invocations    | 1 2 3 4 5 6 7 8 |  8.0
Fighting       | 1 2 3 5 6 7 |  7.3
Short Blades   | 1 2 3 5 6 7 |  7.3
Long Blades    | 1 2 3 5 6 7 |  7.3
Axes           | 1 2 3 5 6 7 |  7.3
Maces & Flails | 1 2 3 5 6 7 |  7.3
Polearms       | 1 2 3 5 6 7 |  7.3
Staves         | 1 2 3 5 6 7 |  7.3
Ranged Weapons | 1 2 3 5 6 7 |  7.3
Throwing       | 1 2 3 5 6 7 |  7.3
Armour         | 1 2 3 5 6 7 |  7.3
Shields        | 1 2 3 5 6 7 |  7.3
Unarmed Combat | 1 2 3 5 6 7 |  7.3
Evocations     | 1 2 3 5 6 7 |  7.3
Conjurations   | 1 2 3 4 5 6 |  6.1
Hexes          | 1 2 3 4 5 6 |  6.1
Summonings     | 1 2 3 4 5 6 |  6.1
Necromancy     | 1 2 3 4 5 6 |  6.1
Translocations | 1 2 3 4 5 6 |  6.1
Fire Magic     | 1 2 3 4 5 6 |  6.1
Ice Magic      | 1 2 3 4 5 6 |  6.1
Air Magic      | 1 2 3 4 5 6 |  6.1
Poison Magic   | 1 2 3 4 5 6 |  6.1
Dodging        | 5 6 7 8 |  8.7
Stealth        | 5 6 7 8 |  8.5
Earth Magic    | 6 7 8 |  8.3

Action                   |  1- 3 |  4- 6 |  7- 9 | 10-12 || total
-------------------------+-------+-------+-------+-------++-------
Melee: Unarmed           |     4 |       |       |       ||     4
       Dagger            |       |     1 |    52 |   100 ||   153
       Bite              |       |       |     7 |    17 ||    24
       Punch             |       |       |     3 |     3 ||     6
 Cast: Sandblast         |    43 |    75 |   240 |   259 ||   617
       Stone Arrow       |       |       |    19 |    46 ||    65
       Blink             |       |       |     1 |     3 ||     4
       Dispel Undead     |       |       |     1 |       ||     1
       Olgreb's Toxic Ra |       |       |       |     8 ||     8
       Ignite Poison     |       |       |       |     4 ||     4
       Poisonous Vapours |       |       |       |     6 ||     6
Invok: Channel Magic     |       |       |       |     1 ||     1
 Abil: Evoke Blink       |       |       |       |     2 ||     2
Evoke: Wand              |       |       |     1 |     1 ||     2
  Use: Potion            |       |       |     4 |     6 ||    10
       Scroll            |       |       |     8 |    16 ||    24
 Stab: Distracted        |     1 |       |       |       ||     1
       Sleeping          |       |     1 |       |     1 ||     2
Armor: Robe              |     2 |    10 |    21 |       ||    33
       Steam dragon scal |       |       |    37 |   110 ||   147
Dodge: Dodged            |    10 |    28 |   210 |   277 ||   525

Table legend: (Time is in decaauts)
 A = Elapsed time spent in this place.
 B = Non-inter-level travel time spent in this place.
 C = Inter-level travel time spent in this place.
 D = Time resting spent in this place.
 E = Time spent auto-exploring this place.
 F = Levels seen in this place.
 G = Mean time per level.
                   A        B        C        D        E       F      G
               +--------+--------+--------+--------+--------+-----+--------+
         Total |  13060 |  12658 |    402 |   1634 |   8599 |  12 | 1088.3 |
       Dungeon |  12621 |  12219 |    402 |   1634 |   8411 |  11 | 1147.4 |
       Ossuary |    438 |    438 |      0 |      0 |    188 |   1 |  438.0 |
               +--------+--------+--------+--------+--------+-----+--------+

Top non-repeatable levels by time:
     D:6: 1761 daAuts
     D:9: 1488 daAuts
     D:8: 1433 daAuts
     D:5: 1389 daAuts
    D:10: 1193 daAuts
    D:11: 1141 daAuts
     D:7: 1059 daAuts
     D:1: 1000 daAuts
     D:3: 860 daAuts
     D:2: 810 daAuts
     D:4: 482 daAuts
 Ossuary: 438 daAuts
